cohdb
Replays
Latest Replays
All Replays
Popular Replays
Top Player Replays
Match Explorer
How It Works
Community
CoH3 Stats
Reddit
Sign in to upload your games and track your stats! →
Sign in with Steam
Match 45523647
Unlisted
Match 45523647
Overview
Messages
Build Orders
End
Kradschützen Motorcycle Team
Selects Panzerjäger Kommand Battlegroup
Selects Mine Fields
250 Light Carrier
Panzergrenadier Squad
Construct Light Support Kompanie
Combat Half-tracks
Panzergrenadier Squad
Selects Tank Busters
Fire Support Elements
Panzerjäger Mechanized Group
Flakvierling Half-track
Panzerjäger Squad
2.5-tonne Medical Truck
Selects Defensive Positions
Panzerjäger Squad
Construct Panzerarmee Kommand
Vehicle Survival Package
Armored Reserves
Veteran Squad Leaders
Selects Butterfly Bomb Drop
Selects Crew Shock Tactics
Panzerjäger Squad
Tiger Heavy Tank
Emergency Repair Kits
Selects Anti-tank Overwatch
Anti-tank Overwatch
Rapid Advance
Cpt Darling
jwalker987
Bad Ash
MightySwift
0
0
Comments
sign in to comment!
No comments posted yet!